 Dungeon Crawl Stone Soup version 0.24-a0-504-gcfb02b9 (webtiles) character file.

Game seed: 17657017959300919215

47 pkoi the Slasher (level 3, -7/30 HPs)
             Began as a Minotaur Gladiator on July 16, 2019.
             Mangled by a gnoll
             ... wielding a +0 halberd
              (10 damage)
             ... on level 2 of the Dungeon.
             The game lasted 00:01:03 (881 turns).

pkoi the Slasher (Minotaur Gladiator)                Turns: 881, Time: 00:01:04

Health: -7/30      AC:  3    Str: 19    XL:     3   Next: 48%
Magic:  2/2        EV: 12    Int:  5    God:
Gold:   86         SH:  0    Dex: 11    Spells: 2/2 levels left

rFire    . . .     SeeInvis .   a - +0 long sword
rCold    . . .     Gourm    .   (no shield)
rNeg     . . .     Faith    .   b - +0 leather armour
rPois    .         Spirit   .   c - +0 hat
rElec    .         Reflect  .   (no cloak)
rCorr    .         Harm     .   (no gloves)
MR       .....                  (no boots)
Stlth    +.........             (no amulet)
HPRegen  0.10/turn              (no ring)
MPRegen  0.08/turn              (no ring)

@: no status effects
A: retaliatory headbutt, horns 2
a: no special abilities


You were on level 2 of the Dungeon.
You were not hungry.

You visited 1 branch of the dungeon, and saw 2 of its levels.

You collected 86 gold pieces.

Inventory:

Hand Weapons
 a - a +0 long sword (weapon)
Missiles
 d - 3 throwing nets (quivered)
Armour
 b - a +0 leather armour (worn)
 c - a +0 hat (worn)
Scrolls
 e - a scroll of magic mapping {unknown}
 h - a scroll of remove curse {unknown}
 m - a scroll of identify {unknown}
Potions
 i - a potion of haste {unknown}
 j - a potion of brilliance {unknown}
 k - a potion of degeneration {unknown}
 l - a potion of might {unknown}
 n - a potion of heal wounds {unknown}
Comestibles
 f - 3 rations
 g - 10 chunks of flesh


   Skills:
 - Level 2.4 Fighting
 + Level 5.5 Long Blades
 - Level 2.0 Throwing
 - Level 3.2 Dodging


You had 2 spell levels left.
You didn't know any spells.
Your spell library was empty.

Dungeon Overview and Level Annotations

Branches:
Dungeon (2/15)

Altars:


Innate Abilities, Weirdness & Mutations

You reflexively headbutt those who attack you in melee.
You have a pair of horns on your head.


Message History

You hit the gnoll but do no damage. Your headbutt misses the gnoll.
The gnoll is severely wounded.
The gnoll hits you with a +0 club.
* * * LOW HITPOINT WARNING * * *
You barely miss the gnoll. You headbutt the gnoll.
The gnoll is almost dead.
The gnoll misses you. The gnoll hits you but does no damage.
You closely miss the gnoll.
The gnoll is almost dead.
A gnoll comes into view. It is wielding a +0 halberd.
The gnoll hits you but does no damage.
The gnoll hits you from afar with a +0 halberd!
* * * LOW HITPOINT WARNING * * *
You barely miss the gnoll.
The gnoll is almost dead.
The gnoll closely misses you. You furiously retaliate!
You headbutt the gnoll!
You kill the gnoll!
A goblin comes into view.
The gnoll hits you from afar with a +0 halberd!
You die...

#......######### #
#####..........###########
###.######............
##..........##### ###
####...........# ###..
#..............# ##...#
######....÷....####..###
#...........##.#### ##
#.@................ .#
###>#.#####........ .##
#g#.# #.#...... ..###.#.#
......#### #.#..g..#
..###### #.#.....#..#
#..........# ##)÷.g.......
#.............


You could see 2 gnolls and a goblin (wandering).

Vanquished Creatures
  A gnoll (D:2)
  A worm (D:2)
  A dart slug (D:2)
  A leopard gecko (D:1)
  8 bats
  6 goblins
  3 hobgoblins
  A kobold (D:1)
  A quokka (D:2)
  A ball python (D:1)
  A frilled lizard (D:2)
  7 rats
32 creatures vanquished.

Notes
Turn   | Place    | Note
-------+----------+-------------------------------------------
     0 | D:1      | pkoi the Minotaur Gladiator began the quest for the Orb.
     0 | D:1      | Reached XP level 1. HP: 18/18 MP: 0/0
    37 | D:1      | Reached skill level 4 in Long Blades
   156 | D:1      | Reached XP level 2. HP: 25/25 MP: 1/1
   722 | D:2      | Found a faded altar of an unknown god.
   743 | D:2      | Reached skill level 5 in Long Blades
   812 | D:2      | Reached XP level 3. HP: 30/30 MP: 2/2
   881 | D:2      | Mangled by a gnoll

Levels and vault maps discovered:
D:1:      lemuel_arrival_muddy, layout_basic
D:2:      layout_rooms, chequers_ecumenical_altar_island, first_ration

Skill      XL: |  1  2 |
---------------+-------+-----
Long Blades    | 4 5 |  5.5
Fighting       | |  2.4
Throwing       | |  2.0
Dodging        | |  3.2

Action                   || total
-------------------------++-------
Melee: Long sword        ||    56
       Headbutt          ||     8
 Stab: Sleeping          ||     1
Armor: Leather armour    ||    16
Dodge: Dodged            ||    39
       Rpst.: Long sword ||     8

Table legend:
 A = Non-vault XP
 B = Vault XP
 C = Vault XP percentage of total XP
 D = Non-vault monster count
 E = Vault monster count
 F = Vault count percentage of total count
                 A         B        C        D         E       F
            +---------+---------+-------+---------+---------+-------
      Total |      68 |       0 |   0.0 |      32 |       0 |   0.0
            +---------+---------+-------+---------+---------+-------
        D:1 |      29 |       0 |   0.0 |      19 |       0 |   0.0
        D:2 |      39 |       0 |   0.0 |      13 |       0 |   0.0
            +---------+---------+-------+---------+---------+-------
